 Dungeon Crawl Stone Soup version 0.31-a0-1154-gadca813884 (webtiles) character file.

Game seed: 3838634382689613446

2010433 Flugkiller the Shapeless Octopus (level 27, 203/203 HPs)
             Began as an Octopode Shapeshifter on Dec 7, 2023.
             Was a High Priest of Okawaru.
             Escaped with the Orb
             ... and 3 runes!
             The game lasted 01:30:31 (49748 turns).

Flugkiller the Shapeless Octopus (OpSh)            Turns: 49748, Time: 01:30:31

Health: 203/203    AC: 27    Str: 17    XL:     27
Magic:  25/25      EV: 79    Int: 13    God:    Okawaru [*****.]
Gold:   5052       SH:  0    Dex: 39    Spells: 25/26 levels left

rFire   + +          +
                       - Unarmed
rCold   . . .        j - melded +3 buckler of Charity {Will+}
rNeg    . . .        O - melded +2 hat
rPois   ∞            D - amulet of regeneration
rElec   +            A - ring "Paschoubb" {rF++ rCorr Int-2 Slay+5 SInv}
rCorr   +            v - +5 ring of evasion
SInv    +            R - +6 ring of dexterity
Will    ++...        o - ring of the Tortoise {AC+8}
Stlth   +            B - +4 ring of protection
HPRegen 1.33/turn    V - +6 ring of dexterity
MPRegen 0.19/turn    Q - ring "Fegas" {rPois Dex+6}
                     S - +5 ring of evasion

%: no passive effects
@: storm-form, flying, studying Long Blades
A: cleaving, insubstantial, flying, almost no armour, amphibious, 8 rings,
(camouflage 1), (gelatinous body 1), (nimble swimmer 1), (tentacles), low MP 2
0: Orb of Zot
}: 3/15 runes: decaying, serpentine, silver
a: Blinkbolt, Begin Untransformation, Renounce Religion, Evoke Blink, Heroism,
Finesse, Duel


You escaped.
You worshipped Okawaru.
Okawaru was extremely pleased with you.
You were a lightning-filled tempest!
You visited 9 branches of the dungeon, and saw 47 of its levels.
You visited the Abyss 1 time.
You also visited: Trove, Wizlab and Desolation.

You collected 8994 gold pieces.
You spent 3942 gold pieces at shops.

Inventory:

Missiles
 E - 8 curare-tipped darts
 J - 5 throwing nets
Armour
 j - the +3 buckler of Charity (melded) {Will+}
   (Okawaru gifted it to you on level 1 of the Elven Halls)

   Will+:     It increases your willpower.
 O - a +2 hat (melded)
   (You took it off Gastronok on level 2 of the Lair of Beasts)
Jewellery
 e - the ring of Red Wine {rF+ rC+ Int+6}
   (You bought it in a shop on level 1 of the Elven Halls)

   [ring of protection from cold]

   Int+6:     It affects your intelligence (+6).
   rF+:       It protects you from fire.
   rC+:       It protects you from cold.
 m - a ring of willpower
   (You took it off an orc on level 6 of the Dungeon)
 o - the ring of the Tortoise (on tentacle) {AC+8}
   (You found it on level 3 of the Elven Halls)

   [ring of protection]

   AC+8:      It affects your AC (+8).
 v - a +5 ring of evasion (right tentacle)
   (You found it on level 3 of the Dungeon)
 A - the ring "Paschoubb" (left tentacle) {rF++ rCorr Int-2 Slay+5 SInv}
   (You found it in the Desolation of Salt)

   [ring of see invisible]

   Int-2:     It affects your intelligence (-2).
   Slay+5:    It affects your accuracy & damage with ranged weapons and melee
   (+5).
   rF++:      It greatly protects you from fire.
   SInv:      It lets you see invisible.
   rCorr:     It protects you from acid and corrosion.
 B - a +4 ring of protection (on tentacle)
   (You found it on level 5 of the Dungeon)
 D - an amulet of regeneration (around neck)
   (You found it on level 5 of the Lair of Beasts)
 Q - the ring "Fegas" (on tentacle) {rPois Dex+6}
   (You took it off a servant of whispers in the Desolation of Salt)

   [ring of dexterity]

   Dex+6:     It affects your dexterity (+6).
   rPois:     It protects you from poison
 R - a +6 ring of dexterity (on tentacle)
   (You found it on level 12 of the Dungeon)
 S - a +5 ring of evasion (on tentacle)
   (You found it on level 12 of the Dungeon)
 V - a +6 ring of dexterity (on tentacle)
   (You found it on level 3 of the Dungeon)
 Y - the ring "Uciybac" {rPois rCorr Str+6 Int-5 Dex+3}
   (You found it on level 3 of the Elven Halls)

   [ring of strength]

   Str+6:     It affects your strength (+6).
   Int-5:     It affects your intelligence (-5).
   Dex+3:     It affects your dexterity (+3).
   rPois:     It protects you from poison rCorr: It protects you from acid and
   corrosion.
Talismans
 f - a granite talisman
   (You found it on level 2 of the Elven Halls)
 r - the storm talisman "Vegis" (active) {+Blink rF++ Int+2 Stlth-}
   (You took it off Sojobo on level 1 of the Depths)

   [storm talisman]

   Int+2:     It affects your intelligence (+2).
   rF++:      It greatly protects you from fire.
   +Blink:    It lets you blink.
   Stlth-:    It makes you less stealthy.
Wands
 c - a wand of digging (8)
   (You found it on level 1 of the Elven Halls)
 k - a wand of flame (78)
   (You found it on level 5 of the Dungeon)
 x - a wand of acid (27)
   (You found it on level 1 of the Lair of Beasts)
 L - a wand of iceblast (61)
   (You found it on level 1 of the Lair of Beasts)
 U - a wand of mindburst (24)
   (You found it on level 13 of the Dungeon)
Scrolls
 g - a scroll of revelation
 i - a scroll of vulnerability
 s - 6 scrolls of poison
 t - 8 scrolls of teleportation
 u - 6 scrolls of silence
 z - 4 scrolls of blinking
 G - 4 scrolls of immolation
 H - 6 scrolls of enchant armour
 I - 6 scrolls of fear
 P - 14 scrolls of fog
Potions
 a - 18 potions of mutation
 d - 11 potions of might
 h - 4 potions of haste
 n - 6 potions of resistance
 q - 20 potions of curing
 w - 11 potions of heal wounds
 C - 7 potions of cancellation
 F - 4 potions of magic
 K - 3 potions of berserk rage
 M - 4 potions of ambrosia
 N - 4 potions of invisibility
 W - 11 potions of enlightenment
Miscellaneous
 l - a phial of floods
   (You found it on level 3 of the Lair of Beasts)
 X - a lightning rod (4/4)
   (You found it on level 2 of the Orcish Mines)


   Skills:
 + Level 20.6 Fighting
 - Level 20.0 Dodging
 - Level 1.0 Stealth
 - Level 12.0 Shields
 + Level 20.6 Unarmed Combat
 - Level 11.0 Invocations
 - Level 7.0 Evocations
 O Level 27 Shapeshifting


You had 25 spell levels left.
You knew the following spells:

 Your Spells              Type           Power      Damage    Failure   Level
q - Apportation           Tloc           0%         N/A       30%         1

Your spell library contained the following spells:

 Spells                   Type           Power      Damage    Failure   Level
 Foxfire                  Conj/Fire      0%         2x1d4     30%         1
 Sandblast                Erth           0%         2d4       30%         1
 Slow                     Hex            0%         N/A       30%         1
 Blink                    Tloc           0%         N/A       43%         2
 Ensorcelled Hibernation  Hex/Ice        0%         N/A       43%         2
 Jinxbite                 Hex            0%         N/A       43%         2
 Lesser Beckoning         Tloc           0%         N/A       43%         2
 Momentum Strike          Conj/Tloc      0%         3d8       43%         2
 Passwall                 Tmut/Erth      0%         N/A       43%         2
 Poisonous Vapours        Pois/Air       0%         N/A       43%         2
 Scorch                   Fire           0%         2d5       43%         2
 Frozen Ramparts          Ice            0%         1d1       67%         3
 Sigil of Binding         Hex            0%         N/A       67%         3
 Stone Arrow              Conj/Erth      0%         3d7       67%         3
 Swiftness                Air            0%         N/A       67%         3
 Anguish                  Hex/Necr       0%         N/A       97%         4
 Brom's Barrelling Bould  Conj/Erth      0%         2d3       97%         4
 Cause Fear               Hex            0%         N/A       97%         4
 Dimensional Bullseye     Hex/Tloc       0%         N/A       97%         4
 Flame Wave               Conj/Fire      0%         2d4       97%         4
 Leda's Liquefaction      Hex/Erth       0%         N/A       97%         4
 Passage of Golubria      Tloc           0%         N/A       97%         4
 Petrify                  Tmut/Erth      0%         N/A       97%         4
 Vhi's Electric Charge    Tloc/Air       0%         N/A       97%         4
 Alistair's Intoxication  Tmut/Pois      0%         N/A       100%        5
 Arcjolt                  Conj/Air       0%         1d10      100%        5
 Borgnjor's Vile Clutch   Necr/Erth      0%         N/A       100%        5
 Fireball                 Conj/Fire      0%         3d3       100%        5
 Freezing Cloud           Conj/Ice/Air   0%         6-21      100%        5
 Irradiate                Conj/Tmut      0%         3d11      100%        5
 Lee's Rapid Deconstruct  Erth           0%         3d4*      100%        5
 Silence                  Hex/Air        0%         N/A       100%        5
 Yara's Violent Unravell  Hex/Tmut       0%         3d3       100%        5
 Bombard                  Conj/Erth      0%         9d1       100%        6
 Plasma Beam              Fire/Air       0%         2x1d10    100%        6
 Starburst                Conj/Fire      0%         6d3       100%        6
 Enfeeble                 Hex            0%         N/A       100%        7
 Orb of Destruction       Conj           0%         9d5       100%        7
 Ozocubu's Refrigeration  Ice            0%         4d7       100%        7
 Lehudib's Crystal Spear  Conj/Erth      0%         10d2      100%        8
 Maxwell's Capacitive Co  Air            0%         ∞         100%        8
 Shatter                  Erth           0%         3d5*      100%        9
 Sublimation of Blood     Necr           Unusable   N/A       N/A         2
 Call Canine Familiar     Summ           Unusable   N/A       N/A         3
 Summon Guardian Golem    Hex/Summ       Unusable   N/A       N/A         3
 Tukima's Dance           Hex            Unusable   N/A       N/A         3
 Animate Dead             Necr           Unusable   N/A       N/A         4
 Summon Mana Viper        Hex/Summ       Unusable   N/A       N/A         5
 Death Channel            Necr           Unusable   N/A       N/A         6
 Summon Cactus Giant      Summ           Unusable   N/A       N/A         6
 Spellforged Servitor     Conj/Summ      Unusable   N/A       N/A         7

Dungeon Overview and Level Annotations

Branches:
Dungeon (15/15)            Temple (0/1) D:5            Lair (5/5) D:10
  Swamp (4/4) Lair:2        Snake (4/4) Lair:3        Slime (0/5) Lair:5
    Orc (2/2) D:9             Elf (3/3) Orc:2        Vaults (5/5) D:13
  Crypt (0/3) Vaults:3     Depths (4/4) D:15            Zot (5/5) Depths:4
 WizLab (visited)         Desolation (visited)

Altars:
Cheibriados
Dithmenos
Elyvilon
Kikubaaqudgha
Makhleb
Nemelex Xobeh
Okawaru
Qazlal
Ru
Sif Muna
Trog
Uskayaw
Wu Jian
Xom
Yredelemnul
Zin
The Shining One
Lugonu

Shops:
D:2 (   D:3 *   Orc:1 (   Orc:2 [:[!   Elf:1 =   Elf:3 (   Snake:4 **[=
Vaults:2 (   Vaults:5 =([!:!!!??   Depths:3 :   Depths:4 *

Portals:
Hell: Depths:1 Depths:2 Depths:3 Depths:4
Abyss: Lair:1 Depths:3
Pandemonium: Depths:2
Ziggurat: Depths:1

Annotations:
D:8 3 runed translucent doors
D:11 exclusion: downstairs
D:12 exclusions: fire giant, shining eye and storm dragon
D:15 Rupert
Lair:1 2 transporters, exclusion: oklob plant, PanSaczeczos's ghost, journeyman SpBr
Lair:2 exclusion: oklob plant
Elf:2 3 runed translucent doors
Zot:5 3 exclusions


Innate Abilities, Weirdness & Mutations

You are a lightning-filled tempest!
Your electrical attacks strike out in all directions at once.
You are incredibly evasive.
Your insubstantial body is immune to petrification, constriction, and being set on fire You are flying.
Your armour is entirely melded.
You are incapable of wielding weapons or throwing items.
You cannot wear most types of armour.
You are amphibious.
You can wear up to eight rings at the same time.
You are immune to poison.
((Your skin changes colour to match your surroundings (Stealth+).))
((Your rubbery body absorbs attacks. (AC +1, EV +1)))
((You are camouflaged when in or above water. (Stealth+)))
((You have tentacles for arms and can constrict up to eight enemies at once.))
Your magical capacity is very low. (-20% MP)


Message History

There is a stone staircase leading up here.
You fly upwards.
There is a stone staircase leading down here.
There is a stone staircase leading up here.
You fly upwards.
Level annotation: 3 runed translucent doors
There is a stone staircase leading down here.
There is a stone staircase leading up here.
You fly upwards.
There is a stone staircase leading down here.
A hellephant comes into view.
You closely miss the hellephant.
You blast the hellephant!!!
The hellephant is moderately wounded.
You batter the hellephant!!
The hellephant is heavily wounded.
The hellephant completely misses you. The hellephant closely misses you.
The hellephant completely misses you.
You batter the hellephant!!
The hellephant is severely wounded.
You barely miss the hellephant. You punch the hellephant.
The hellephant is severely wounded.
The hellephant closely misses you. The hellephant completely misses you.
The hellephant gores you but does no damage.
You closely miss the hellephant. You punch the hellephant!
The hellephant is severely wounded.
The hellephant completely misses you. x3
You blast the hellephant!!!
You kill the hellephant!
Okawaru accepts your kill.
A reaper comes into view. It is wielding a +4 scythe of venom.
There is a stone staircase leading up here.
You fly upwards.
There is a stone staircase leading down here.
A hell beast comes into view.
The hell beast moves out of view.
There is a stone staircase leading up here.
The hell beast completely misses you. x2
You fly upwards.
There is a stone staircase leading down here.
You completely miss the hell beast. Your punch misses the hell beast.
The hell beast misses you. The hell beast completely misses you.
You closely miss the hell beast. The hell beast misses you.
The hell beast completely misses you.
You blast the hell beast!!!!
You kill the hell beast!
Okawaru accepts your kill.
No target in view!
No target in view!
There is a stone staircase leading up here.
You fly upwards.
There is a stone staircase leading down here.
You see here a +0 hand axe.
Things that are here:
a stone; a +0 vampiric short sword An orange demon comes into view.
There is a stone staircase leading up here.
You fly upwards.
There is a stone staircase leading down here.
A Brimstone Fiend comes into view.
The Brimstone Fiend completely misses you. x3
You batter the Brimstone Fiend!! Your punch misses the Brimstone Fiend.
The Brimstone Fiend is lightly wounded.
You blast the Brimstone Fiend!!!
The Brimstone Fiend is severely wounded.
The Brimstone Fiend completely misses you.
The Brimstone Fiend barely misses you.
The Brimstone Fiend completely misses you.
You barely miss the Brimstone Fiend.
You punch the Brimstone Fiend, but do no damage.
The Brimstone Fiend is severely wounded.
You hit the Brimstone Fiend but do no damage.
Lightning courses through the Brimstone Fiend!
The Brimstone Fiend is almost dead.
The Brimstone Fiend completely misses you. x3
You batter the Brimstone Fiend!!
You kill the Brimstone Fiend!
Okawaru accepts your kill.
A red devil comes into view. It is wielding a +0 trident.
The red devil moves out of view.
There is a stone staircase leading up here.
You fly upwards.
There is a stone staircase leading down here.
An Orb Guardian comes into view.
You batter the Orb Guardian!!
The Orb Guardian is moderately wounded.
You hit the Orb Guardian but do no damage.
The Orb Guardian is moderately wounded.
You blast the Orb Guardian!!!!
You kill the Orb Guardian!
Okawaru accepts your kill.
No target in view!
There is a stone staircase leading up here.
You fly upwards.
There is a stone staircase leading down here.
You see here a +0 club.
There is a staircase leading out of the dungeon here.
Unknown command.
Enter note: gg You have escaped!

#.#.#
#...........#####.####
#.#.#
#####................#
#.#.# ##.#.#..#####.##(#
#.#.########...#..#
#.##.#
...........#...#..#
###[##.#
....########...#..#
#...##.#
#...########.>.####
#.####.#
#.###.............# #.#
#.# #.# #.##........v.#
#.# #.# #.#
#.............###.## #.#
#.#
################...###.#
#.# #.......#.....# #.#
####.##...##### #.#
#.###.## #)# ##.###.#
..##############......#
##..................###


There were no monsters in sight!

Vanquished Creatures
  Tiamat (Arena)
  An ancient lich (Vaults:5)
  Mara (Depths:2)
  3 juggernauts
  Boris (Depths:4)
  Sojobo (Depths:1)
  Bai Suzhen (Depths:1)
  A curse toe (Zot:4)
  Xtahua (Depths:3)
  6 golden dragons
  4 caustic shrikes
  Nikola (Depths:2)
  the Enchantress (Depths:3)
  A pearl dragon (Abyss:3)
  A profane servitor (D:12)
  2 bone dragons (Depths:4)
  A Brimstone Fiend (D:3)
  A hellephant (D:7)
  6 liches
  13 tentacled monstrosities
  2 Orb Guardians
  3 deep elf blademasters (Elf:3)
  Jorgrun (Elf:1)
  A deep elf master archer (Elf:3)
  A walking frostbound tome (Depths:3)
  4 titans
  3 quicksilver dragons
  5 acid blobs (Depths:1)
  5 sphinxes
  4 death cobs
  6 shadow dragons (Vaults:5)
  Gastronok (Lair:2)
  3 thorn hunters
  Aizul (Depths:2)
  2 fenstrider witches (Swamp:3)
  Donald (Vaults:3)
  7 tengu reavers
  5 draconian monks
  7 storm dragons
  5 azure jellies (Depths:1)
  4 rockslimes (Depths:1)
  4 nagarajas
  8 fire giants
  9 deep elf sorcerers
  4 iron dragons
  4 frost giants
  4 draconian knights
  17 vault wardens
  6 deep elf elementalists (Elf:3)
  6 draconian scorchers
  5 balrugs
  2 imperial myrmidons (Desolation)
  A draconian stormcaller (Zot:3)
  5 draconian shifters
  20 ironbound preservers
  5 spriggan defenders (Depths:3)
  3 orc warlords
  8 draconian annihilators
  25 very ugly things
  3 war gargoyles
  9 ironbound thunderhulks
  4 vampire knights
  Azrael (Snake:3)
  8 green draconians
  2 eleionomae
  16 stone giants
  7 deep elf demonologists
  10 black draconians
  8 yellow draconians
  2 bunyips (Swamp:3)
  11 deep elf annihilators
  4 halazid warlocks (Desolation)
  A spark wasp (Depths:1)
  11 dire elephants
  11 purple draconians
  7 white draconians
  10 red draconians
  13 fire dragons
  6 blizzard demons (Zot:2)
  8 deep elf death magi
  2 crystal guardians
  13 ettins
  9 deep elf high priests
  An entropy weaver (Vaults:2)
  Josephine (Swamp:1)
  4 shambling mangroves
  2 jiangshi
  Fannar (Lair:2)
  11 ragged hierophants (Desolation)
  A ghost crab (Swamp:3)
  5 servants of whispers (Desolation)
  8 great orbs of eyes
  7 spriggan air magi
  7 salamander tyrants
  5 peacekeepers
  18 yaktaur captains
  5 ice dragons
  44 vault guards
  A spriggan skeleton (Abyss:3)
  5 rakshasas
  A sphinx zombie (Vaults:4)
  Erica (Orc:1)
  26 hydras
  9 anacondas
  A death knight (Vaults:3)
  3 hell beasts
  6 alligators
  8 ironbound frosthearts
  5 catoblepae
  A two-headed ogre (shapeshifter) (Depths:1)
  An ogre mage (Vaults:5)
  4 boulder beetles
  11 two-headed ogres
  16 naga warriors
  2 centaur warriors (D:12)
  16 dancing weapons
  7 tengu warriors
  7 deep troll shamans
  16 death yaks
  6 spriggan berserkers
  7 deep troll earth magi
  3 vampire magi
  3 occultists
  8 orc high priests
  10 shock serpents
  8 thrashing horrors (Abyss:3)
  12 naga sharpshooters
  Urug (D:13)
  A soul eater (Vaults:3)
  9 hell knights
  10 deep elf knights
  A wretched star (Abyss:3)
  3 sun demons
  2 skysharks
  6 salamander mystics
  7 iron trolls
  4 goliath frogs
  A sea snake (shapeshifter) (Depths:3)
  A sixfirhy (Depths:3)
  81 deep trolls
  10 swamp dragons
  3 spriggan druids
  4 bog bodies
  8 naga ritualists
  A spriggan simulacrum (Abyss:3)
  13 deep elf archers
  16 ironbound convokers
  7 lindwurms
  2 glowing orange brains
  6 arcanists
  5 phantasmal warriors
  5 harpies (Vaults:3)
  3 necromancers
  2 lindwurms (shapeshifter)
  A harpy (shapeshifter) (D:15)
  21 deep elf zephyrmancers
  A tengu skeleton (Vaults:4)
  8 orc knights
  10 mana vipers
  27 deep elf pyromancers
  Pikel (D:5)
  4 large abominations (Abyss:3)
  33 ugly things
  19 salamanders
  7 orc sorcerers
  9 moths of wrath
  13 cyclopes
  6 manticores
  4 will-o-the-wisps
  A black mamba (shapeshifter) (Elf:1)
  13 guardian serpents
  A molten gargoyle (Desolation)
  9 elephants
  10 vault sentinels
  12 kobold blastminers
  A torpor snail (shapeshifter) (Depths:1)
  41 black mambas
  2 smoke demons
  15 naga magi
  A cane toad (shapeshifter) (D:13)
  Jeremiah (D:6)
  A torpor snail (Lair:4)
  3 gargoyles (D:12)
  9 komodo dragons
  7 cane toads
  8 tengu conjurers
  Maggie (Lair:2)
  2 efreet
  An unseen horror (shapeshifter) (Vaults:5)
  3 kobold demonologists
  A hellion (Abyss:3)
  3 rime drakes
  3 freezing wraiths
  30 yaktaurs
  2 komodo dragons (shapeshifter)
  A meliai (shapeshifter) (D:12)
  A human zombie (Vaults:4)
  A queen bee (shapeshifter) (D:15)
  Grinder (D:5)
  A polar bear (Lair:5)
  3 ancient zymes (Abyss:3)
  4 tyrant leeches
  A hellwing (Abyss:3)
  7 trolls
  A polar bear (shapeshifter) (Vaults:5)
  52 saltlings (Desolation)
  16 hornets
  9 raiju
  22 blink frogs
  5 glass eyes
  A raiju (shapeshifter) (Elf:3)
  4 dream sheep (Lair:5)
  2 vampires
  A culicivora (shapeshifter) (Vaults:5)
  34 slime creatures
  3 ynoxinuls (Abyss:3)
  6 wraiths
  Sigmund (D:2)
  9 spriggans
  7 wyverns
  66 yaks
  Eustachio (D:6)
  2 air elementals
  5 water elementals (Depths:3)
  7 fire elementals
  8 basilisks
  A fire bat (Abyss:3)
  14 starcursed masses (Abyss:3)
  2 redbacks (Vaults:2)
  A neqoxec (Abyss:3)
  3 chaos spawn
  8 vampire mosquitoes
  A redback simulacrum (D:15)
  4 wargs (Orc:2)
  3 small abominations (Abyss:3)
  33 nagas
  16 swamp worms
  2 hell hounds (Snake:3)
  15 water moccasins
  A swamp worm (shapeshifter) (Vaults:5)
  Duvessa (D:6)
  3 black bears
  66 orc warriors
  7 sky beasts
  11 swamp drakes
  3 ice beasts
  24 wolves
  6 centaurs
  7 ogres
  3 lemures (D:5)
  3 kobold brigands
  4 phantoms
  2 brain worms (Abyss:3)
  7 bullfrogs
  3 gnoll sergeants
  8 earth elementals
  5 scorpions
  6 wights
  Dowan (D:6)
  14 killer bees (D:9)
  A vampire bat (Lair:5)
  4 howler monkeys
  2 electric eels
  4 crimson imps (D:9)
  3 lava snakes (Lair:3)
  6 hounds
  A quasit (Abyss:3)
  A gnoll bouda (D:7)
  31 orc priests
  An iron imp (Abyss:3)
  2 jellies
  3 iguanas
  4 sleepcaps
  Natasha (thrice) (D:2)
  A boggart zombie (D:15)
  33 orc wizards
  A boggart skeleton (D:15)
  A boggart simulacrum (D:15)
  18 gnolls
  8 adders
  A shadow imp (D:7)
  5 white imps
  3 ufetubi
  3 dart slugs (D:3)
  117 orcs
  15 bats
  12 endoplasms
  7 giant cockroaches
  10 goblins
  12 hobgoblins
  13 kobolds
  6 quokkas
  7 ball pythons
  2 frilled lizards
  8 rats
2231 creatures vanquished.

Vanquished Creatures (others)
  A lich (Depths:3)
  A fire giant (Depths:4)
  A deep elf elementalist (Elf:3)
  A purple draconian (Zot:3)
  A yellow draconian (Zot:3)
  A jiangshi (Depths:2)
  A deep elf knight (Elf:3)
  A deep elf zephyrmancer (Elf:2)
  A will-o-the-wisp (Swamp:3)
  A moth of wrath (Zot:3)
  A bloated husk (Swamp:3)
  A saltling (Desolation)
  A water elemental (Elf:3)
  A quasit (Abyss:3)
  An orc priest (Orc:2)
  2 orcs (Orc:2)
  A kobold (D:4)
  8 foxfires
  A lurking horror (Abyss:3)
27 creatures vanquished.

Grand Total: 2258 creatures vanquished

Notes
Turn   | Place    | Note
-------+----------+-------------------------------------------
     0 | D:1      | Flugkiller the Octopode Shapeshifter began the quest for
                  | the Orb.
     0 | D:1      | Reached XP level 1. HP: 13/13 MP: 1/1
   210 | D:1      | Reached XP level 2. HP: 17/19 MP: 2/2
   237 | D:1      | Reached skill level 1 in Stealth
   439 | D:1      | Reached XP level 3. HP: 24/24 MP: 3/3
   756 | D:2      | Found a shimmering blue altar of Sif Muna.
   763 | D:2      | Noticed Natasha
   907 | D:2      | Reached XP level 4. HP: 26/29 MP: 4/4
  1162 | D:2      | Found a faded altar of an unknown god.
  1225 | D:2      | Found Uveigh's Weapon Emporium.
  1411 | D:2      | Killed Natasha
  1412 | D:2      | Reached skill level 4 in Shapeshifting
  1412 | D:2      | Reached XP level 5. HP: 25/35 MP: 5/5
  1508 | D:2      | Noticed Sigmund
  1885 | D:3      | Found a white marble altar of Elyvilon.
  2421 | D:3      | Found an ancient bone altar of Kikubaaqudgha.
  2434 | D:3      | Reached XP level 6. HP: 42/42 MP: 6/6
  2535 | D:3      | Found a shimmering blue altar of Sif Muna.
  2645 | D:3      | Found Diemm's General Store.
  2651 | D:3      | Bought a scroll of fear for 44 gold pieces
  2651 | D:3      | Bought a scroll of teleportation for 33 gold pieces
  2973 | D:2      | Noticed Natasha
  2977 | D:2      | Killed Natasha
  2978 | D:2      | Reached skill level 5 in Shapeshifting
  2996 | D:2      | Found a faded altar of an unknown god.
  3015 | D:2      | Noticed Natasha
  3022 | D:2      | Killed Natasha
  3167 | D:2      | Found Uveigh's Weapon Emporium.
  3354 | D:2      | Found a shimmering blue altar of Sif Muna.
  3908 | D:2      | Killed Sigmund
  3909 | D:2      | Reached skill level 6 in Shapeshifting
  3909 | D:2      | Reached XP level 7. HP: 46/46 MP: 7/7
  4167 | D:4      | Found a burning altar of Makhleb.
  4167 | D:4      | Noticed an Executioner
  4466 | D:4      | Found an iron altar of Okawaru.
  4810 | D:4      | Noticed a +0 dagger
  4811 | D:4      | Noticed a +0 dagger
  4812 | D:4      | Found a hide-covered altar of Uskayaw.
  4820 | D:4      | Reached skill level 7 in Shapeshifting
  4896 | D:4      | Became a worshipper of Warmaster Okawaru
  4947 | D:4      | Found a glowing golden altar of the Shining One.
  4949 | D:4      | Noticed an angel
  4966 | D:4      | Found a basalt altar of Yredelemnul.
  4968 | D:4      | Noticed a profane servitor
  5120 | D:5      | Entered Level 5 of the Dungeon
  5297 | D:5      | Noticed Grinder
  5312 | D:5      | Reached XP level 8. HP: 50/54 MP: 8/8
  5316 | D:5      | Killed Grinder
  5419 | D:5      | Found a staircase to the Ecumenical Temple.
  5492 | D:5      | Reached * piety under Okawaru
  5493 | D:5      | Reached skill level 5 in Fighting
  5636 | D:5      | Reached skill level 5 in Dodging
  5636 | D:5      | Reached skill level 1 in Invocations
  5722 | D:5      | Found a sparkling altar of Nemelex Xobeh.
  5813 | D:5      | Noticed Pikel
  5870 | D:5      | Killed Pikel
  5871 | D:5      | Reached XP level 9. HP: 52/61 MP: 7/11
  6039 | D:6      | Reached skill level 8 in Shapeshifting
  6048 | D:6      | Reached ** piety under Okawaru
  6099 | D:6      | Noticed Duvessa
  6116 | D:6      | Noticed Dowan
  6118 | D:6      | Killed Duvessa
  6126 | D:6      | Killed Dowan
  6152 | D:6      | Reached skill level 9 in Shapeshifting
  6293 | D:6      | Noticed Eustachio
  6299 | D:6      | Killed Eustachio
  6394 | D:6      | Found a shadowy altar of Dithmenos.
  6412 | D:6      | Found a glowing silver altar of Zin.
  6567 | D:6      | Reached skill level 10 in Shapeshifting
  6722 | D:6      | Noticed Jeremiah
  6766 | D:6      | Reached skill level 5 in Unarmed Combat
  6772 | D:6      | Reached XP level 10. HP: 47/68 MP: 12/12
  6778 | D:6      | Reached *** piety under Okawaru
  7142 | D:6      | Killed Jeremiah
  7718 | D:7      | Reached **** piety under Okawaru
  8602 | D:8      | Found a runed translucent gate.
  8602 | D:8      | Found a runed translucent gate.
  8602 | D:8      | Found a runed translucent gate.
  8602 | D:8      | Noticed a red ugly thing
  8603 | D:8      | Noticed a red ugly thing
  8603 | D:8      | Noticed a brown ugly thing
  8603 | D:8      | Noticed a white ugly thing
  8603 | D:8      | Noticed a glowing orange brain
  8603 | D:8      | Noticed a cyan ugly thing
  8952 | D:9      | Noticed a two-headed ogre
  9081 | D:9      | Reached ***** piety under Okawaru
  9187 | D:9      | Reached XP level 11. HP: 77/77 MP: 13/13
  9408 | D:9      | Found a sacrificial altar of Ru.
  9644 | D:9      | Killed a two-headed ogre
  9724 | D:9      | Found a staircase to the Orcish Mines.
 10098 | D:10     | Entered Level 10 of the Dungeon
 10120 | D:10     | Found an ornate altar of the Wu Jian Council.
 10186 | D:10     | Received a gift from Okawaru
 10229 | D:10     | Found a staircase to the Lair.
 10288 | D:10     | Reached skill level 10 in Dodging
 10382 | D:10     | Found a snail-covered altar of Cheibriados.
 10401 | D:10     | Found a shimmering altar of Xom.
 10401 | D:10     | Found a bloodstained altar of Trog.
 10554 | D:10     | Noticed a two-headed ogre
 10561 | D:10     | Killed a two-headed ogre
 11217 | D:11     | Received a gift from Okawaru
 11231 | D:11     | Reached skill level 5 in Invocations
 11231 | D:11     | Reached XP level 12. HP: 82/82 MP: 15/15
 11887 | D:12     | Noticed a two-headed ogre
 12001 | D:12     | Noticed a storm dragon
 12001 | D:12     | Noticed a deep elf annihilator
 12173 | Lair:1   | Entered Level 1 of the Lair of Beasts
 12173 | Lair:1   | Found a transporter.
 12173 | Lair:1   | Found a transporter.
 12187 | Lair:1   | Noticed a cacodemon
 12369 | Lair:1   | You are sucked into a shaft and drop 1 floor!
 12383 | Lair:1   | Found a one-way gate to the infinite horrors of the Abyss.
 12383 | Lair:1   | Noticed PanSaczeczos's ghost (journeyman SpBr)
 12605 | Lair:1   | Received a gift from Okawaru
 13372 | Lair:2   | Found a staircase to the Swamp.
 13466 | Lair:2   | Reached ****** piety under Okawaru
 13475 | Lair:2   | Reached skill level 10 in Fighting
 13475 | Lair:2   | Reached skill level 10 in Unarmed Combat
 13486 | Lair:2   | Reached XP level 13. HP: 73/92 MP: 19/19
 13576 | Lair:2   | Noticed Maggie
 13591 | Lair:2   | Killed Maggie
 13681 | Lair:2   | Noticed Fannar
 13716 | Lair:2   | Killed Fannar
 13716 | Lair:2   | Received a gift from Okawaru
 13773 | Lair:2   | Acquired a +2 double sword of holy wrath
 13773 | Lair:2   | Received a gift from Okawaru
 14420 | Lair:2   | Noticed Gastronok
 14455 | Lair:2   | Killed Gastronok
 15237 | Lair:3   | Received a gift from Okawaru
 15841 | Lair:3   | Found a staircase to the Snake Pit.
 16048 | Lair:3   | Received a gift from Okawaru
 16154 | Lair:4   | Reached skill level 11 in Shapeshifting
 16183 | Lair:4   | Reached XP level 14. HP: 30/103 MP: 20/20
 16712 | Lair:4   | Reached skill level 12 in Shapeshifting
 16712 | Lair:4   | Reached XP level 15. HP: 108/108 MP: 21/21
 16788 | Lair:4   | Reached skill level 13 in Shapeshifting
 16853 | Lair:4   | Identified the +3 morningstar of the Delicate God {freeze,
                  | rC++ Str-2 Int+4}
 17703 | Lair:5   | Entered Level 5 of the Lair of Beasts
 17857 | Lair:5   | Found a staircase to the Slime Pits.
 18012 | Lair:5   | Received a gift from Okawaru
 18013 | Lair:5   | Reached skill level 14 in Shapeshifting
 18760 | Lair:5   | Reached skill level 15 in Shapeshifting
 18838 | Lair:5   | Received a gift from Okawaru
 19675 | D:12     | Received a gift from Okawaru
 19871 | D:12     | Noticed a fire giant
 20040 | D:12     | Reached skill level 10 in Invocations
 20040 | D:12     | Reached XP level 16. HP: 65/114 MP: 21/23
 20367 | D:12     | Learned a level 1 spell: Apportation
 20487 | D:13     | Noticed Urug
 20494 | D:13     | Killed Urug
 20729 | D:13     | Found a stormy altar of Qazlal.
 20896 | D:13     | Found a gate to the Vaults.
 20922 | D:13     | Received a gift from Okawaru
 21298 | D:14     | Identified the +1 rapier of the Burning God {venom, Fragile
                  | rC+ Str+4}
 21877 | D:15     | Entered Level 15 of the Dungeon
 21898 | D:15     | Received a gift from Okawaru
 22031 | Arena    | Entered the Arena
 22118 | D:15     | Noticed Rupert
 22387 | D:15     | Found a staircase to the Depths.
 22442 | D:15     | Received a gift from Okawaru
 23053 | Orc:1    | Entered Level 1 of the Orcish Mines
 23103 | Orc:1    | Noticed Erica
 23109 | Orc:1    | Killed Erica
 23110 | Orc:1    | Reached skill level 15 in Dodging
 23141 | Orc:1    | Reached skill level 1 in Evocations
 23234 | Orc:1    | Found Isky's Weapon Shoppe.
 23666 | Orc:2    | Entered Level 2 of the Orcish Mines
 23988 | Orc:2    | Found Efoh's Antique Armour Emporium.
 24015 | Orc:2    | Found Pour's Book Shoppe.
 24106 | Orc:2    | Received a gift from Okawaru
 24439 | Orc:2    | Reached XP level 17. HP: 101/120 MP: 25/25
 24757 | Orc:2    | Found a staircase to the Elven Halls.
 24914 | Orc:2    | Found Kocet's Distillery.
 25000 | Orc:2    | Found Unocat's Antique Armour Shop.
 25367 | Snake:1  | Entered Level 1 of the Snake Pit
 25494 | Snake:1  | Received a gift from Okawaru
 25927 | Snake:1  | Received a gift from Okawaru
 26566 | Snake:2  | Received a gift from Okawaru
 27100 | Snake:3  | Received a gift from Okawaru
 27300 | Snake:3  | Reached XP level 18. HP: 131/131 MP: 26/26
 27680 | Snake:3  | Noticed Azrael
 27709 | Snake:3  | Killed Azrael
 27956 | Snake:4  | Entered Level 4 of the Snake Pit
 28121 | Snake:4  | Received a gift from Okawaru
 28203 | Arena    | Entered the Arena
 28822 | Snake:4  | Reached skill level 15 in Fighting
 28867 | Snake:4  | Received a gift from Okawaru
 28890 | Snake:4  | Reached skill level 15 in Unarmed Combat
 28950 | Snake:4  | Found Xuib's General Store.
 28963 | Snake:4  | Bought a scroll of blinking for 112 gold pieces
 29004 | Arena    | Entered the Arena
 29165 | Snake:4  | Got a serpentine rune of Zot
 29220 | Snake:4  | Found Ushrih's Armour Emporium.
 29284 | Snake:4  | Found Vetyxzor's Distillery.
 29287 | Snake:4  | Found Qophecu's Jewellery Shoppe.
 29388 | Snake:4  | Found Bajeis's General Store.
 29396 | Snake:4  | Bought a scroll of teleportation for 42 gold pieces
 29529 | Swamp:1  | Entered Level 1 of the Swamp
 29710 | Swamp:1  | Reached skill level 1 in Shields
 29770 | Swamp:1  | Noticed Josephine
 29775 | Swamp:1  | Killed Josephine
 30136 | Swamp:2  | Received a gift from Okawaru
 30214 | Swamp:2  | Reached skill level 5 in Shields
 30229 | Swamp:2  | Reached XP level 19. HP: 139/139 MP: 27/27
 30786 | Swamp:3  | Received a gift from Okawaru
 31323 | Swamp:4  | Entered Level 4 of the Swamp
 31594 | Swamp:4  | Reached skill level 10 in Shields
 31596 | Swamp:4  | Received a gift from Okawaru
 31993 | Swamp:4  | Got a decaying rune of Zot
 32263 | Elf:1    | Entered Level 1 of the Elven Halls
 32315 | Elf:1    | Found a magical portal.
 32329 | WizLab   | Entered Doroklohe's Tomb
 32567 | Elf:1    | Found Koticox's Jewellery Shop.
 32694 | Elf:1    | Found a crumbling gateway.
 32727 | Desolati | Entered the Desolation of Salt
 32750 | Desolati | Received a gift from Okawaru
 32829 | Desolati | Reached skill level 5 in Evocations
 32830 | Desolati | Got Sif Muna's Vellum of Altered Kinetic Energy
 32841 | Desolati | Identified the ring "Paschoubb" {rF++ rCorr Int-2 Slay+5
                  | SInv}
 32978 | Desolati | Received a gift from Okawaru
 32989 | Desolati | Identified the amulet of Keh Qaschuuv {Acrobat rCorr Int+3}
 33041 | Desolati | Reached XP level 20. HP: 145/145 MP: 28/28
 33226 | Desolati | Identified the +11 shortbow of Doubt {antimagic, rElec rN+
                  | SInv}
 33392 | Desolati | Identified the ring "Fegas" {rPois Dex+6}
 33771 | Elf:1    | Noticed a Brimstone Fiend
 33772 | Elf:1    | Noticed Jorgrun
 33940 | Elf:1    | Killed Jorgrun
 34052 | Elf:1    | Received a gift from Okawaru
 34414 | Elf:2    | Paralysed by an air elemental for 1 turns
 34538 | Elf:2    | Received a gift from Okawaru
 34660 | Elf:2    | Identified the +1 ring mail of Sunlight {rF+ rN+ Int+3
                  | Stlth-}
 34848 | Elf:1    | Acquired the +3 buckler of Charity {Will+}
 34848 | Elf:1    | Received a gift from Okawaru
 34898 | Elf:2    | Reached XP level 21. HP: 153/153 MP: 29/29
 34899 | Elf:2    | Reached skill level 16 in Shapeshifting
 34899 | Elf:2    | Reached XP level 22. HP: 160/160 MP: 30/30
 34932 | Elf:2    | Found a runed translucent gate.
 34932 | Elf:2    | Found a runed translucent gate.
 34934 | Elf:2    | Found a runed translucent gate.
 35179 | Elf:3    | Entered Level 3 of the Elven Halls
 35259 | Elf:3    | Found Ajuemuyfu's Weapon Emporium.
 35461 | Elf:3    | Received a gift from Okawaru
 35476 | Arena    | Entered the Arena
 35478 | Arena    | Reached XP level 23. HP: 115/167 MP: 23/31
 35630 | Elf:3    | Identified the +2 rapier "Backscratcher" {elec, *Slow rElec
                  | rF++ rN+++ Dex-5}
 35633 | Elf:3    | Identified the +9 morningstar "Doonouco" {protect, Contam
                  | Will++ MP+9 Stlth+}
 35652 | Elf:3    | Identified the +9 falchion "Renuorhu" {drain, Will++}
 35660 | Elf:3    | Identified the staff of Understanding {Drain rF+++ rC+ rN++
                  | Dex-4 Ice}
 35667 | Elf:3    | Identified the +2 ring mail of Teti {*Slow Int+4}
 35679 | Elf:3    | Identified the +7 sling of Sotiam {elec, rPois rF+ Will-}
 35679 | Elf:3    | Found the ring of the Tortoise {AC+8}
 35699 | Elf:3    | Identified the +8 sling of Rukudoa {drain, +Blink}
 35713 | Elf:3    | Identified the ring "Uciybac" {rPois rCorr Str+6 Int-5
                  | Dex+3}
 36370 | Vaults:1 | Entered Level 1 of the Vaults
 36448 | Vaults:1 | Received a gift from Okawaru
 36587 | Vaults:1 | Identified the storm talisman of Ashenzari's Hope {rCorr
                  | Int+5}
 37052 | Vaults:1 | Reached skill level 17 in Shapeshifting
 37055 | Vaults:1 | Received a gift from Okawaru
 37643 | Vaults:2 | Received a gift from Okawaru
 37999 | Vaults:2 | Received a gift from Okawaru
 38326 | Vaults:2 | Found Cab Hevi's Weapon Boutique.
 38683 | Vaults:3 | Reached XP level 24. HP: 177/177 MP: 31/31
 38805 | Vaults:3 | Noticed Donald
 38813 | Vaults:3 | Killed Donald
 38936 | Vaults:3 | Found a staircase to the Crypt.
 38984 | Abyss:3  | Cast into level 3 of the Abyss (vault warden)
 39044 | Abyss:3  | Received a gift from Okawaru
 39161 | Abyss:3  | Reached skill level 18 in Shapeshifting
 39341 | Abyss:3  | Paralysed by accursed screaming for 1 turns
 39346 | Abyss:3  | Paralysed by accursed screaming for 1 turns
 39396 | Vaults:3 | Escaped the Abyss
 39681 | Vaults:3 | Received a gift from Okawaru
 39871 | Vaults:3 | Got the Precepts of Philately
 40196 | Vaults:4 | Reached skill level 19 in Shapeshifting
 40868 | Vaults:4 | Received a gift from Okawaru
 40885 | Vaults:4 | Reached skill level 20 in Shapeshifting
 41344 | Vaults:5 | Entered Level 5 of the Vaults
 41407 | Vaults:5 | Found Suzulouh's Distillery.
 41431 | Vaults:5 | Reached XP level 25. HP: 183/183 MP: 25/31
 41438 | Vaults:5 | Bought a potion of might for 84 gold pieces
 41438 | Vaults:5 | Bought a potion of might for 84 gold pieces
 41441 | Vaults:5 | Found Fosk's Book Boutique.
 41472 | Vaults:5 | Reached skill level 21 in Shapeshifting
 41535 | Vaults:5 | Received a gift from Okawaru
 41605 | Vaults:5 | Found Equcis's Jewellery Shop.
 41611 | Vaults:5 | Found Tamn's Antique Weapon Shop.
 41628 | Vaults:5 | Got a silver rune of Zot
 41672 | Vaults:5 | Found Ycaklust's Antique Armour Boutique.
 41683 | Vaults:5 | Received a gift from Okawaru
 41703 | Vaults:5 | Reached skill level 22 in Shapeshifting
 41851 | Vaults:5 | Found Wurgh's Magic Scroll Shoppe.
 41903 | Vaults:5 | Noticed an ancient lich
 41914 | Vaults:5 | Killed an ancient lich
 41937 | Vaults:5 | Found Biwud's Distillery.
 41943 | Vaults:5 | Bought a potion of heal wounds for 75 gold pieces
 41943 | Vaults:5 | Bought a potion of haste for 150 gold pieces
 41956 | Vaults:5 | Bought a scroll of fear for 76 gold pieces
 41963 | Vaults:5 | Found Myhol's Magic Scroll Shop.
 41968 | Vaults:5 | Bought a scroll of blinking for 157 gold pieces
 42487 | Vaults:5 | Found Neegym's Distillery.
 42499 | Vaults:5 | Found Diryug's Distillery.
 42508 | Vaults:5 | Bought a potion of resistance for 140 gold pieces
 42508 | Vaults:5 | Bought 2 potions of haste for 280 gold pieces
 42508 | Vaults:5 | Bought a potion of resistance for 140 gold pieces
 42508 | Vaults:5 | Bought a potion of cancellation for 112 gold pieces
 42508 | Vaults:5 | Bought a potion of ambrosia for 112 gold pieces
 42520 | Vaults:5 | Bought a potion of mutation for 152 gold pieces
 42520 | Vaults:5 | Bought a potion of might for 76 gold pieces
 42520 | Vaults:5 | Bought a potion of mutation for 152 gold pieces
 42520 | Vaults:5 | Bought a potion of cancellation for 152 gold pieces
 42520 | Vaults:5 | Bought a potion of might for 76 gold pieces
 42962 | Orc:2    | Bought a potion of invisibility for 112 gold pieces
 42962 | Orc:2    | Bought 2 potions of mutation for 224 gold pieces
 43269 | Vaults:5 | Bought a potion of ambrosia for 120 gold pieces
 43269 | Vaults:5 | Bought a potion of invisibility for 120 gold pieces
 43269 | Vaults:5 | Bought a potion of mutation for 120 gold pieces
 43269 | Vaults:5 | Bought a potion of mutation for 120 gold pieces
 43606 | Elf:1    | Bought the ring of Red Wine {rF+ rC+ Int+6} for 877 gold
                  | pieces
 43918 | Depths:1 | Entered Level 1 of the Depths
 43918 | Depths:1 | Found a bloodstained altar of Trog.
 43973 | Depths:1 | Reached skill level 23 in Shapeshifting
 44070 | Depths:1 | Noticed a juggernaut
 44079 | Depths:1 | Killed a juggernaut
 44079 | Depths:1 | Received a gift from Okawaru
 44081 | Depths:1 | Found a gateway to Hell.
 44081 | Depths:1 | Noticed a juggernaut
 44106 | Depths:1 | Killed a juggernaut
 44123 | Depths:1 | Reached XP level 26. HP: 191/191 MP: 31/31
 44128 | Depths:1 | Identified the storm talisman "Vegis" {+Blink rF++ Int+2
                  | Stlth-}
 44128 | Depths:1 | Noticed Sojobo
 44133 | Depths:1 | Killed Sojobo
 44289 | Depths:1 | Noticed Bai Suzhen
 44309 | Depths:1 | Killed Bai Suzhen
 44317 | Depths:1 | Found a runed translucent door.
 44329 | Depths:1 | Received a gift from Okawaru
 44398 | Depths:1 | Identified the storm talisman of Exclusion {Fly}
 44415 | Depths:1 | Identified the +9 quarterstaff of Fikhlitt {protect, rElec
                  | rF- rC+}
 44589 | Depths:1 | Found a one-way gateway to a ziggurat.
 44776 | Depths:2 | Noticed Mara
 44791 | Depths:2 | Killed Mara
 44810 | Depths:2 | Identified the +3 dire flail "Hiakerr" {heavy, *Slow Str+6
                  | Int+2}
 45123 | Depths:2 | Received a gift from Okawaru
 45184 | Depths:2 | Noticed Nikola
 45198 | Depths:2 | Killed Nikola
 45214 | Depths:2 | Found a one-way gate leading to the halls of Pandemonium.
 45354 | Depths:2 | Identified the serpent talisman of Bicyich {rN+ Str+2
                  | Dex+4}
 45354 | Depths:2 | Noticed Aizul
 45369 | Depths:2 | Killed Aizul
 45391 | Depths:2 | Found a portal to a secret trove of treasure.
 45686 | Trove    | Entered a treasure trove
 45693 | Trove    | Identified the +7 kite shield of Bespelled Mirth {rN+
                  | Int+3}
 45718 | Trove    | Found the dreamshard necklace {Acrobat *Dream}
 45895 | Depths:3 | Noticed the Enchantress
 45898 | Depths:3 | Noticed Xtahua
 45918 | Depths:3 | Killed the Enchantress
 45927 | Depths:3 | Killed Xtahua
 45964 | Depths:3 | Found Gaqujung's Tremendous Tomes.
 46297 | Depths:3 | Noticed a juggernaut
 46307 | Depths:3 | Killed a juggernaut
 46357 | Depths:3 | Reached XP level 27. HP: 190/201 MP: 31/31
 46373 | Depths:3 | Identified the +4 scimitar "Trog's Vengeance" {protect,
                  | Int+7}
 46380 | Depths:3 | Reached skill level 24 in Shapeshifting
 46412 | Depths:3 | Got Nietoiw's Last Handbook of the Archmage
 46534 | Depths:3 | Found a corrupted altar of Lugonu.
 46767 | Depths:4 | Entered Level 4 of the Depths
 46853 | Depths:4 | Found Zin's Purification Station.
 46858 | Depths:4 | Found a glowing silver altar of Zin.
 46917 | Depths:4 | Found a gate to the Realm of Zot.
 46963 | Depths:4 | Noticed Boris
 46975 | Depths:4 | Killed Boris
 47061 | Depths:4 | Got Sif Muna's Directory of Corruption and Frostbite
 47099 | Depths:4 | Reached skill level 25 in Shapeshifting
 47217 | Depths:4 | Received a gift from Okawaru
 47618 | Zot:1    | Entered Level 1 of the Realm of Zot
 47882 | Zot:2    | Reached skill level 26 in Shapeshifting
 47957 | Zot:4    | Found the +4 dragonskin cloak
 47957 | Zot:4    | Noticed Tiamat
 47965 | Arena    | Entered the Arena
 47979 | Arena    | Killed Tiamat
 48226 | Zot:3    | Reached skill level 27 in Shapeshifting
 48338 | Arena    | Entered the Arena
 48393 | Zot:3    | Received a gift from Okawaru
 49023 | Zot:5    | Entered Level 5 of the Realm of Zot
 49037 | Zot:5    | Noticed an orb of fire
 49037 | Zot:5    | Noticed an orb of fire
 49038 | Zot:5    | Gained mutation: Your magical capacity is low. (-10% MP)
                  | [an orb of fire]
 49039 | Zot:5    | Gained mutation: Your magical capacity is very low. (-20%
                  | MP) [an orb of fire]
 49041 | Zot:5    | Noticed an orb of fire
 49047 | Zot:5    | Got the Orb of Zot
 49047 | Zot:5    | Noticed an orb of fire
 49284 | Depths:1 | Noticed Ito Ybuu the pandemonium lord
 49747 | D:1      | gg
 49748 | D:$      | Escaped with the Orb!

Illustrated notes

#.#.#
#...........#####.####
#.#.#
#####................#
#.#.# ##.#.#..#####.##(#
#.#.########...#..#
#.##.#
...........#...#..#
###[##.#
....########...#..#
#...##.#
#...########.>.####
#.####.#
#.###.............# #.#
#.# #.# #.##........v.#
#.# #.# #.#
#.............###.## #.#
#.#
################...###.#
#.# #.......#.....# #.#
####.##...##### #.#
#.###.## #)# ##.###.#
..##############......#
##..................###


Turn 49747 on D:1: gg

Levels and vault maps discovered:
D:1:      amcnicky_arrival_blooded_trapdoor, layout_loops_ring
D:2:      layout_basic, hellmonk_ecumenical_altar_run_dry, serial_rivers,
          chequers_serial_rivers_small_3, chequers_serial_rivers_micro_c,
          chequers_serial_rivers_large_a, chequers_serial_rivers_micro_a,
          basic_altar, serial_shops, nicolae_shop_pleasant_corner_grove,
          uniq_sigmund, uniq_natasha
D:3:      layout_basic, kennysheep_orc_sif_temple, general_overflow_altar,
          elyvilon_altar_5, serial_corexii_hall, chequers_hall_statues_y,
          corexii_hall_statues_x, chequers_hall_statues_corner_a,
          corexii_hall_statues_i, serial_shops, nicolae_shop_back_alley_shop,
          hangedman_decor_opposing, kennysheep_doodads, grunt_decor_fettered,
          roderic_lattice_a, minmay_joined_circles
D:4:      layout_rooms, grunt_temple_overflow_holy_war,
          mainiacjoe_overflow_surrounded_room, makhleb_altar_promises_db,
          dancing_weapons_uskayaw, minmay_hedge_maze
D:5:      layout_basic, nemelex_spade_bored_becter, minmay_temple_entry_slanted,
          serial_library_hellmonk_junction, uniq_grinder, uniq_pikel
D:6:      layout_rooms, lemuel_crystal_altar, nicolae_dithmenos_shadow_blocks,
          grunt_ministairs_13, minmay_alternating_orb, uniq_eustachio,
          uniq_duvessa, uniq_jeremiah
D:7:      layout_basic, minmay_fractal_squares_gapless_5
D:8:      layout_rooms, ploomutoo_gammafunk_ghost_potion_laboratory
D:9:      layout_basic, old_standard_altar, orc_0_dummy, serial_bayou_ford_a,
          minmay_fire_ice_demons
D:10:     layout_loops_ring, gammafunk_temple_overflow_elements,
          nzn_wu_jian_contemplation, mainiacjoe_overflow_concentric_impassable,
          minmay_lair_entry_grove, minmay_misc_feat_diagonals
D:11:     layout_roguey
D:12:     minmay_bad_star, layout_irregular_city, kennysheep_generic_room_5
D:13:     layout_loops_ring, lightli_vaults_fourway_checkpoint,
          nicolae_qazlal_style_of_elements, uniq_urug
D:14:     layout_cross, corexii_hall_statues_x, chequers_mini_garden
D:15:     grunt_enter_depths_magical_seal, layout_loops_ring, uniq_rupert
Lair:1:   dreamdust_cave_troll, layout_concentric_octagons,
          gammafunk_ghost_abyssal_escape, minmay_lair_oklob_bushes
Lair:2:   minmay_lair_oklob_tunnel, layout_hall_layers,
          minmay_swamp_entry_wisps, uniq_fannar, uniq_maggie, uniq_gastronok
Lair:3:   layout_long_grid, nicolae_snake_entry_warm_welcome
Lair:4:   layout_layer_cave
Lair:5:   evilmike_catoblepas_cave, layout_cave_shapes, slime_entry_1,
          roderic_batcave
Swamp:1:  layout_basic_swamp, evilmike_swamp_ruin_rubble_1, swamp_pool_3,
          uniq_josephine
Swamp:2:  layout_falls_marsh, nicolae_swamp_ascending_descending_big,
          nicolae_swamp_decorative_isthmus
Swamp:3:  nzn_winding_woodlands_cross [nzn_winding_woodlands_5x15_split_checker,
          nzn_winding_woodlands_5x15_twine, nzn_winding_woodlands_5x15_jagged,
          nzn_winding_woodlands_5x15_default,
          nzn_winding_woodlands_15x15_witchcraft], layout_basic_swamp,
          nicolae_swamp_small_spring
Swamp:4:  swamp, layout_basic_swamp, swamp_pool_1_2
Snake:1:  layout_misc_corridors, grunt_ministairs_13
Snake:2:  layout_rooms
Snake:3:  layout_honeycomb, nicolae_snake_gridmaze_waves, uniq_azrael
Snake:4:  grunt_snake_rune_pools, layout_misc_corridors, serial_shops, shop,
          nicolae_shop_behind_doors, shop, nicolae_shop_stone, shop
Orc:1:    layout_caves, serial_shops, nicolae_shop_hallway_plus, uniq_erica
Orc:2:    pubby_orc_utopia, serial_shops
Elf:1:    layout_loops_cross, serial_shops, shop, mu_enter_wizlab_3,
          portal_desolation_entry_nicolae_slug, nicolae_elf_crossing_hall,
          uniq_jorgrun
Elf:2:    elven_hall_of_blades_hangedman_original
          [nicolae_vaults_blade_armed_guards], layout_gridlike,
          nicolae_elf_glass_and_crystal_pillar_1, nicolae_elf_stone_circles
Elf:3:    minmay_elf_hall_four_x, layout_geoelf_octagon, serial_shops, shop
Vaults:1: v_rooms_2, nicolae_vaults_trapezoid_lopsided_2,
          ontoclasm_vaults_ring_square, nicolae_vaults_door_testing_chamber,
          vaults_room_hallway, hangedman_vaults_stretched_pinwheel,
          nicolae_vaults_trapezoid_lopsided_1, ontoclasm_vaults_ring_large,
          v_alt_pattern_1, nicolae_vaults_holding_cells, ontoclasm_vaults_pinch,
          serial_ice_b, v_misc_17, nicolae_vaults_asterisk,
          nicolae_vaults_alarming, v_misc_16, layout_vaults_ring
Vaults:2: v_misc_18, nicolae_vaults_variable_pillar_hall,
          nicolae_vaults_thirteen_compartments, ontoclasm_vaults_idyll,
          ontoclasm_vaults_ring_small, nicolae_vaults_mitosis, v_misc_19,
          ontoclasm_vaults_decontamination, nicolae_vaults_little_squares_1,
          hangedman_vaults_unwind, v_misc_29, nicolae_vaults_network_s,
          vaults_dpeg_doors, nicolae_vaults_house_2, layout_vaults_maze,
          serial_shops, nicolae_shop_rolling_square, uniq_margery
Vaults:3: v_rooms_4, vaults_room_octagon, vaults_dpeg_ring,
          minmay_crypt_entry_simple_round, nicolae_vaults_little_squares_3,
          hangedman_vaults_hat, ontoclasm_vaults_spin, dpeg_vaults_monster_box,
          nicolae_vaults_house_2, layout_vaults_omnigrid, uniq_donald
Vaults:4: nicolae_vaults_three_branches, nicolae_vaults_tangram_1,
          special_room_vaults [special_room_orc], ontoclasm_vaults_ring_small,
          nicolae_vaults_arrows, nicolae_vaults_little_squares_3, v_misc_25,
          nicolae_vaults_surprise_closet, nicolae_vaults_two_Ls,
          nicolae_vaults_network_quinsquares
          [nicolae_vaults_network_quincunx_subvault,
          nicolae_vaults_network_quincunx_subvault,
          nicolae_vaults_network_quincunx_subvault,
          nicolae_vaults_network_quincunx_subvault], v_misc_13,
          nicolae_vaults_house_1, serial_library_hellmonk_semicircle,
          vaults_room_pools, layout_vaults_omnicross
Vaults:5: serial_shops
Depths:1: minmay_the_grid_net [minmay_the_grid_large_cup,
          minmay_the_grid_diamond_grid, minmay_the_grid_zigzag_pyramid,
          minmay_the_grid_spikes, minmay_the_grid_mess,
          minmay_the_grid_prize_four_corners], layout_gridlike,
          enter_ziggurat_e, hell_entry, old_standard_altar, minmay_acid_items,
          uniq_bai_suzhen, uniq_sojobo
Depths:2: minmay_inner_zag, layout_basic, pan_entry, trove_entry_hex_spiral,
          serial_glass, glass_columns_b, glass_columns_b, glass_columns_c,
          glass_columns_b, glass_columns_c, glass_columns_b, lightli_too_deep,
          uniq_mara, uniq_nikola, uniq_aizul
Depths:3: lemuel_traditional_vault, layout_basic, hell_entry,
          abyss_entry_flame_altar, minivault_14, nicolae_shop_i_like_big_books,
          serial_bayou_pond_d, uniq_enchantress, uniq_xtahua
Depths:4: grunt_x_marks_the_spot, layout_cave_pools, hangedman_decor_push,
          grunt_hell_entry_dis_grunt, hex_medium, zin_purify, uniq_boris
Zot:1:    layout_twisted_circle, gammafunk_ghost_split,
          st_single_dragon_hoard_4, hangedman_zot_spectrum
Zot:2:    regret_index_zot_pan_timeshare, layout_basic
Zot:3:    grunt_twist_and_shout, layout_onion_interference
Zot:4:    layout_concentric_octagons, gammafunk_ghost_wrathful_warriors,
          st_stairs_14, uniq_tiamat, uniq_josephina
Zot:5:    layout_twisted_circle, bh_zot_lava_cross

Skill      XL: |  1  2  3  4  5  6  7  8  9 10 11 12 13 14 15 16 17 18 19 20 21 22 23 24 25 26 27 |
---------------+----------------------------------------------------------------------------------+-----
Fighting       | 2 3 4 5 6 8 10 12 14 15 16 17 18 20 | 20.6
Stealth        | 1 |  1.0
Unarmed Combat | 4 5 8 10 12 14 15 16 17 18 20 | 20.6
Shapeshifting  | 4 6 7 10 11 12 15 16 17 20 23 27 | 27.0
Dodging        | 3 5 6 11 12 15 16 17 18 19 20 | 20.0
Invocations    | 3 5 8 10 11 | 11.0
Evocations     | 4 7 |  7.0
Shields        | 5 12 | 12.0

Action                     |  1- 3 |  4- 6 |  7- 9 | 10-12 | 13-15 | 16-18 | 19-21 | 22-24 | 25-27 || total
---------------------------+-------+-------+-------+-------+-------+-------+-------+-------+-------++-------
  Melee: Unarmed           |    54 |   114 |   274 |   710 |   784 |  1947 |   888 |  1039 |  1342 ||  7152
         Tentacles         |     8 |    20 |    88 |   113 |   269 |   384 |     3 |   358 |   134 ||  1377
         Constrict         |    12 |    26 |    49 |   159 |    70 |   401 |   165 |   165 |    54 ||  1101
         Punch             |     1 |     6 |     4 |       |       |       |       |   182 |   274 ||   467
   Cast: Apportation       |       |       |       |       |       |    11 |       |       |       ||    11
 Invoke: Heroism           |       |       |     2 |     2 |    11 |     4 |     7 |     4 |     4 ||    34
         Receive Weapon    |       |       |       |       |     1 |       |       |       |       ||     1
         Finesse           |       |       |       |       |     1 |     1 |       |     2 |     1 ||     5
         Duel              |       |       |       |       |       |     3 |       |     1 |     2 ||     6
         Receive Armour    |       |       |       |       |       |       |     1 |       |       ||     1
Ability: Blinkbolt         |       |       |       |       |       |       |       |       |     3 ||     3
  Evoke: Wand              |       |       |     2 |     3 |       |       |       |     4 |     2 ||    11
         Lightning rod     |       |       |       |       |       |       |       |     5 |       ||     5
         Phial of floods   |       |       |       |       |       |       |       |       |     1 ||     1
    Use: Potion            |       |     1 |     3 |     5 |     2 |       |     3 |     1 |    13 ||    28
         Scroll            |       |     4 |     2 |     9 |    10 |     3 |     6 |     4 |    12 ||    50
   Stab: Sleeping          |    10 |    11 |     6 |     3 |       |    16 |     8 |    11 |     3 ||    68
         Petrified         |       |       |       |       |     7 |       |       |       |       ||     7
         Petrifying        |       |       |       |       |     1 |       |       |       |       ||     1
         Distracted        |       |       |       |       |       |     2 |     2 |     2 |     1 ||     7
         Confused          |       |       |       |       |       |       |     2 |       |       ||     2
         Invisible         |       |       |       |       |       |       |       |       |    29 ||    29
 Armour: Skin              |    17 |    34 |    63 |   221 |   265 |   444 |   307 |   285 |   293 ||  1929
  Dodge: Dodged            |    24 |    60 |   174 |   607 |   768 |  2657 |  1459 |  1791 |  1939 ||  9479
  Block: Buckler           |       |       |       |       |       |       |     4 |   857 |   270 ||  1131
   Form: Flux              |       |       |     1 |     1 |     1 |     1 |       |       |       ||     4
         Serpent           |       |       |       |     2 |       |     2 |       |       |       ||     4
         Statue            |       |       |       |       |       |       |     1 |       |       ||     1
         Storm             |       |       |       |       |       |       |       |       |     2 ||     2

Table legend: (Time is in decaauts)
 A = Elapsed time spent in this place.
 B = Non-inter-level travel time spent in this place.
 C = Inter-level travel time spent in this place.
 D = Time resting spent in this place.
 E = Time spent auto-exploring this place.
 F = Levels seen in this place.
 G = Mean time per level.
                   A        B        C        D        E       F      G
               +--------+--------+--------+--------+--------+-----+--------+
         Total |  52266 |  46772 |   5494 |   5652 |  26341 |  57 |  916.9 |
       Dungeon |  17335 |  14711 |   2624 |   2005 |   8589 |  15 | 1155.7 |
          Lair |   7185 |   6776 |    409 |   1981 |   3026 |   5 | 1437.0 |
         Swamp |   2441 |   2335 |    106 |    208 |   1425 |   4 |  610.2 |
     Snake Pit |   3813 |   3632 |    181 |    659 |   1738 |   4 |  953.2 |
  Orcish Mines |   2582 |   1961 |    621 |     24 |   1167 |   2 | 1291.0 |
   Elven Halls |   3423 |   3148 |    275 |    201 |   1676 |   3 | 1141.0 |
        Vaults |   8808 |   8017 |    791 |     82 |   5832 |   5 | 1761.6 |
        Depths |   3558 |   3217 |    341 |     41 |   2068 |   4 |  889.5 |
           Zot |   1381 |   1238 |    143 |    165 |    476 |   5 |  276.2 |
         Abyss |    558 |    558 |      0 |     95 |     12 |   1 |  558.0 |
         Trove |     69 |     69 |      0 |      0 |     46 |   1 |   69.0 |
        Wizlab |    220 |    220 |      0 |     38 |    126 |   1 |  220.0 |
    Desolation |    798 |    798 |      0 |    150 |    159 |   1 |  798.0 |
         Arena |     89 |     89 |      0 |      0 |      0 |   6 |   14.8 |
               +--------+--------+--------+--------+--------+-----+--------+

Top non-repeatable levels by time:
Vaults:3: 2037 daAuts
   Orc:2: 1943 daAuts
Vaults:5: 1877 daAuts
     D:2: 1766 daAuts
Vaults:4: 1716 daAuts
  Lair:2: 1649 daAuts
Vaults:1: 1637 daAuts
  Lair:4: 1617 daAuts
Vaults:2: 1539 daAuts
 Snake:3: 1502 daAuts
     D:3: 1498 daAuts
  Lair:5: 1457 daAuts
     D:9: 1448 daAuts
    D:12: 1395 daAuts
   Elf:3: 1344 daAuts
